AoeStats
← cicakmasta

Nomad

503846416Analyzed
3v3 RM · 1mo ago on Sep 2, 2026· 70m 54s· 6 players
Game mode
Random Map
Map size
210×210
Population
200
Speed
Normal
Resources
Standard
Victory
Conquest
Starting age
Dark Age
Ending age
Imperial Age
RankedLock teamsTeams togetherTeam positionsShared explorationLock speedFull tech treeHidden civsTurbo modeCheats
Victory
Defeat
🇬🇧 Italians · United Kingdom
537
+9
🇷🇴 Teutons · Romania
479
+12
🇷🇺 Burgundians · Russia
469
+12
🇨🇭 Vietnamese · Switzerland
400
-12
🇮🇩 Portuguese · Indonesia
395
-12
🇹🇷 Mongols · Türkiye
366
-10
Max PaUra
3:13 Loom
20:53 Feudal Age
22:35 Arson
23:29 Double-Bit Axe
23:41 Fishing Lines
23:41 Man-at-Arms
26:46 Forging
26:59 Scale Mail Armor
27:11 Fletching
27:22 Padded Archer Armor
31:59 Castle Age
29:46 Town Watch
31:45 Scale Barding Armor
32:54 Wheelbarrow
32:18 Crossbowman
33:19 Pikeman
34:00 Squires
36:48 Horse Collar
38:13 Gillnets
40:29 Thumb Ring
41:45 Bodkin Arrow
44:02 Chatras
44:49 Careening
48:53 Husbandry
51:33 Murder Holes
53:39 Clinker Construction
55:13 Hand Cart
58:01 Leather Archer Armor
60:29 Fortified Wall
63:32 Bow Saw
71:46 Imperial Age
cicakmasta
15:22 Feudal Age
18:09 Wheelbarrow
18:08 Fishing Lines
18:28 Town Watch
19:42 Double-Bit Axe
25:32 Bloodlines
27:41 Scale Barding Armor
33:48 Castle Age
31:58 Horse Collar
35:42 Husbandry
36:02 Hand Cart
36:38 Gold Mining
37:55 Gillnets
38:21 Forging
38:32 Chain Barding Armor
39:49 Heavy Plow
40:18 Bow Saw
Yuklennnnnn
20:32 Feudal Age
39:13 Double-Bit Axe
52:28 Castle Age
53:23 Horse Collar
57:47 Wheelbarrow
62:06 Bow Saw
craciunvladut3
17:27 Feudal Age
18:53 Wheelbarrow
18:35 Horse Collar
18:43 Double-Bit Axe
26:05 Castle Age
34:02 Hand Cart
37:17 Heavy Plow
44:56 Imperial Age
44:09 Coinage
43:40 Caravan
43:57 Bow Saw
44:18 Gold Mining
44:18 Stone Mining
48:07 Elite Teutonic Knight
56:33 Banking
56:13 Guilds
58:45 Forging
58:36 Scale Mail Armor
58:42 Scale Barding Armor
59:41 Stone Shaft Mining
60:08 Two-Man Saw
59:41 Crop Rotation
60:46 Iron Casting
60:27 Chain Mail Armor
63:17 Crenellations
63:18 Ironclad
65:10 Blast Furnace
64:40 Plate Mail Armor
64:31 Chain Barding Armor
65:28 Chain Barding Armor
65:36 Chain Barding Armor
66:26 Plate Mail Armor
67:04 Plate Barding Armor
68:12 Sanctity
67:53 Fletching
69:23 Block Printing
69:53 Redemption
69:45 Atonement
70:01 Fervor
69:54 Devotion
70:20 Illumination
70:31 Theocracy
70:16 Heresy
70:39 Arson
71:00 Squires
70:47 Pikeman
70:48 Man-at-Arms
71:14 Gambesons
1777@
4:44 Loom
7:06 Wheelbarrow
15:11 Double-Bit Axe
18:16 Feudal Age
17:17 Fishing Lines
20:07 Hand Cart
20:06 Bow Saw
20:06 Gold Mining
20:11 Stone Mining
22:04 Gold Shaft Mining
22:34 Stone Shaft Mining
24:18 Gillnets
28:37 Castle Age
28:34 Arson
29:03 Forging
28:53 Scale Mail Armor
31:44 Iron Casting
32:17 Two-Man Saw
31:48 Caravan
33:36 Squires
34:23 Chain Mail Armor
38:36 Imperial Age
38:42 Husbandry
38:03 Cavalier
40:35 Blast Furnace
40:31 Plate Mail Armor
41:28 Paladin
42:31 Conscription
41:37 Pikeman
44:43 Scale Barding Armor
46:14 Chain Barding Armor
45:32 Halberdier
47:42 Plate Barding Armor
47:56 Town Watch
49:23 Town Patrol
49:16 Fletching
49:27 Padded Archer Armor
52:28 Burgundian Vineyards
54:39 Chemistry
66:35 Bodkin Arrow
66:56 Leather Archer Armor
67:05 Ballistics
Agamemnon
13:35 Feudal Age
15:14 Fishing Lines
16:20 Horse Collar
21:34 Wheelbarrow
24:34 Castle Age
22:56 Stone Mining
22:58 Gold Mining
25:58 Gillnets
26:14 Squires
25:59 Arson
26:18 Caravan
26:20 Double-Bit Axe
27:21 Stone Shaft Mining
28:45 Hand Cart
28:08 Pikeman
28:09 Man-at-Arms
31:11 Loom
33:52 Scale Mail Armor
33:43 Fletching
34:03 Forging
33:59 Scale Barding Armor
33:55 Padded Archer Armor
35:17 Light Cavalry
37:55 Bow Saw
38:11 Heavy Plow
40:09 Chain Barding Armor
44:48 Imperial Age
45:41 Hussar
45:41 Cavalier
49:11 Elite Genoese Crossbowman
50:27 Hoardings
52:48 Silk Road
52:39 Pirotechnia
61:35 Plate Barding Armor
61:16 Chain Mail Armor
61:17 Leather Archer Armor
60:58 Bodkin Arrow
61:38 Iron Casting
64:59 Plate Mail Armor
65:00 Ring Archer Armor
64:23 Cavalier
65:03 Husbandry
65:14 Bloodlines
65:09 Husbandry
65:21 Bloodlines
66:37 Two-Man Saw
66:11 Ballistics
66:57 Chemistry
66:13 Masonry
65:44 Treadmill Crane
65:54 Heated Shot
66:00 Murder Holes
66:15 Fortified Wall
65:56 Guard Tower
65:51 Arrowslits
66:11 Siphons
66:17 Careening
66:28 Shipwright
66:19 Clinker Construction
Connection lost

Rejoining the realm…

Still unreachable

The connection could not be restored.

Session expired

The server has moved on; the page needs a fresh start.